 Dungeon Crawl Stone Soup version 0.30-a0-859-gf88a04b62d (webtiles) character file.

Game seed: 7322701973116815799

524771 Strat the Slayer (level 25, -2/164 HPs)
             Began as a Tengu Reaver on Mar 2, 2023.
             Was the Champion of Ashenzari.
             Slain by a death cob (20 damage)
             ... on level 3 of the Realm of Zot on Mar 6, 2023.
             The game lasted 03:31:33 (75947 turns).

Strat the Slayer (Tengu Reaver)                    Turns: 75947, Time: 03:31:33

Health: -2/164     AC: 22    Str: 14    XL:     25   Next: 42%
Magic:  24/44      EV: 36    Int: 18    God:    Ashenzari [******]
Gold:   6499       SH:  2    Dex: 21    Spells: 0/56 levels left

rFire   + . .      SeeInvis +    b - melded +5 demon blade "Restrained With Me" {vamp, Fort, Evo} (curse)
rCold   . . .      Faith    .    Y - melded +0 kite shield of Supernal Knowledge {reflect, Self, Cun} (curse)
rNeg    . . .      Spirit   .    L - melded +6 acid dragon scales of Ashenzari's Omen {rCorr, Self, Melee} (curse) rPois โˆž Reflect .
                                 y - melded +1 hat of the Prophetic Yoke {Stlth+, Bglg, Comp} (curse)
rElec   +          Rampage  .    K - melded +2 cloak "Omen of the Cursed Sage" {Cun, Self} (curse)
rCorr   .          Clarity  +    p - melded +4 pair of gloves of the Omniscient God {rF+ rC+ Will++ Dex-4, Fort, Cun} (curse)
Will    +....                    (boots unavailable)
Stlth   ++                       z - amulet of the Restrained Welkin {Regen+, Melee, Self} (curse)
HPRegen 1.27/turn                v - ring "Clairvoyant Regret" {rPois AC+4 Int+2, Cun, Comp} (curse)
MPRegen 0.29/turn                o - ring of the Octopus King {rF+ HP+2 AC+2 EV+2 SH+2, Comp, Evo} (curse)

@: storm-form, flying quickly and evasively, slowed, studying Translocations,
very slow
A: cleaving, insubstantial, flying, (beak), (talons 3), nimble flight, clarity,
frail 1, (poison resistance)
}: 3/15 runes: barnacled, silver, gossamer
a: Blinkbolt, End Transformation, Renounce Religion, Shatter the Chains


You were on level 3 of the Realm of Zot.
You worshipped Ashenzari.
Ashenzari was exalted by your worship.
You were a lightning-filled tempest!
You visited 9 branches of the dungeon, and saw 46 of its levels.
You also visited: Volcano and Wizlab.

You collected 6683 gold pieces.
You spent 184 gold pieces at shops.

Inventory:

Hand Weapons
 a - a +0 double sword of flaming
 b - the cursed +5 demon blade "Restrained With Me" (melded) {vamp, Fort, Evo}
   (You acquired it on level 2 of the Spider Nest)

   It has a curse which improves the following skills: Fortitude: Armour and
   Shields.
   Evocations: Evocations.
Missiles
 f - 62 poisoned darts
 u - 5 curare-tipped darts
 T - 7 throwing nets
Armour
 p - the cursed +4 pair of gloves of the Omniscient God (melded) {rF+ rC+ Will++ Dex-4, Fort, Cun}
   (You found it on level 5 of the Dungeon)

   Dex:       It affects your dexterity (-4).
   rF:        It protects you from fire.
   rC:        It protects you from cold.
   Will:      It greatly increases your willpower.
   It has a curse which improves the following skills: Fortitude: Armour and
   Shields.
   Cunning:   Dodging and Stealth.
 y - the cursed +1 hat of the Prophetic Yoke (melded) {Stlth+, Bglg, Comp}
   (You found it on level 4 of the Spider Nest)

   It has a curse which improves the following skills: Beguiling: Conjurations,
   Hexes and Translocations.
   Companions: Summonings and Necromancy.
 K - the cursed +2 cloak "Omen of the Cursed Sage" (melded) {Cun, Self}
   (You found it on level 9 of the Dungeon)

   It has a curse which improves the following skills: Cunning: Dodging and
   Stealth.
   Introspection: Fighting and Spellcasting.
 L - the cursed +6 acid dragon scales of Ashenzari's Omen (melded) {rCorr, Self, Melee}
   (You found it on level 9 of the Dungeon)

   rCorr:     It protects you from acid and corrosion.
   It has a curse which improves the following skills: Introspection: Fighting
   and Spellcasting.
   Melee Combat: Short Blades, Long Blades, Axes, Maces & Flails, Polearms,
   Staves and Unarmed Combat.
 Y - the cursed +0 kite shield of Supernal Knowledge (melded) {reflect, Self, Cun}
   (You took it off Donald on level 3 of the Spider Nest)

   It has a curse which improves the following skills: Introspection: Fighting
   and Spellcasting.
   Cunning:   Dodging and Stealth.
Jewellery
 i - the ring "Kedul" {rElec rC- rN+ rCorr SInv}
   (You found it on level 5 of the Vaults)

   [ring of positive energy]

   rC:        It makes you vulnerable to cold.
   rElec:     It insulates you from electricity.
   rN:        It protects you from negative energy.
   SInv:      It lets you see invisible.
   rCorr:     It protects you from acid and corrosion.
 o - a cursed ring of the Octopus King (right fist) {rF+ HP+2 AC+2 EV+2 SH+2, Comp, Evo}
   (You took it off a minotaur on level 4 of the Shoals)

   [ring of protection from fire]

   AC:        It affects your AC (+2).
   EV:        It affects your evasion (+2).
   rF:        It protects you from fire.
   HP:        It affects your health (+2).
   SH:        It affects your SH (+2).
   It has a curse which improves the following skills: Companions: Summonings
   and Necromancy.
   Evocations: Evocations.
 v - the cursed ring "Clairvoyant Regret" (left fist) {rPois AC+4 Int+2, Cun, Comp}
   (You acquired it on level 6 of the Dungeon)

   [ring of protection]

   AC:        It affects your AC (+4).
   Int:       It affects your intelligence (+2).
   rPois:     It protects you from poison.
   It has a curse which improves the following skills: Cunning: Dodging and
   Stealth.
   Companions: Summonings and Necromancy.
 z - the cursed amulet of the Restrained Welkin (around neck) {Regen+, Melee, Self}
   (You found it on level 4 of the Vaults)

   [amulet of regeneration]

   Regen:     It increases your rate of health regeneration.
   It has a curse which improves the following skills: Melee Combat: Short
   Blades, Long Blades, Axes, Maces & Flails, Polearms, Staves and Unarmed
   Combat.
   Introspection: Fighting and Spellcasting.
 M - a ring of resist corrosion
 U - the ring of the Tortoise {AC+8}
   (You took it off a deep elf annihilator on level 3 of the Elven Halls)

   [ring of protection]

   AC:        It affects your AC (+8).
 V - the amulet of the Air {Inacc Air Fly rElec RMsl}
   (You took it off a deep elf sorcerer on level 3 of the Elven Halls)

   [amulet of nothing]

   Inacc:     It reduces the accuracy of your attacks and spells.
   Air:       It enhances your air magic.
   rElec:     It insulates you from electricity.
   Fly:       It grants you flight.
   RMsl:      It protects you from missiles.
Wands
 j - a wand of acid (5)
 k - a wand of mindburst (10)
 t - a wand of polymorph (12)
 N - a wand of flame (69)
 X - a wand of iceblast (26)
 Z - a wand of paralysis (26)
Scrolls
 c - 6 scrolls of enchant armour
 m - 4 scrolls of fear
 s - 2 scrolls of amnesia
 w - 5 scrolls of teleportation
 B - 3 scrolls of fog
 E - a scroll of blinking
 G - 3 scrolls of poison
 O - a scroll of magic mapping
 S - 7 scrolls of silence
 W - a scroll of summoning
Potions
 d - 10 potions of attraction
 e - 3 potions of mutation
 g - 7 potions of degeneration
 l - 3 potions of resistance
 n - 9 potions of ambrosia
 r - a potion of curing
 x - 2 potions of cancellation
 A - 9 potions of brilliance
 C - a potion of magic
 D - 2 potions of berserk rage
 P - a potion of invisibility
Miscellaneous
 h - a box of beasts
 q - a phantom mirror
 J - a condenser vane


   Skills:
 - Level 22.6(24.9) Fighting
 - Level 12.8(15.4) Long Blades
 - Level 8.3 Armour
 - Level 12.0(14.6) Dodging
 - Level 12.1 Shields
 - Level 13.6(16.2) Spellcasting
 - Level 22.6 Conjurations
 - Level 6.0 Hexes
 - Level 14.8(18.7) Summonings
 - Level 8.6 Translocations
 + Level 7.7 Transmutations
 - Level 3.0 Ice Magic
 - Level 21.3 Air Magic
 - Level 5.7(8.3) Evocations


You couldn't memorise any spells.
You knew the following spells:

 Your Spells              Type           Power      Damage    Failure   Level
a - Kiss of Death         Conj/Necr      100%       2d13      1%          1
b - Momentum Strike       Conj/Tloc      100%       3d10      0%          2
c - Hailstorm             Conj/Ice       57%        3d12      1%          3
d - Storm Form            Tmut/Air       30%        N/A       10%         7
e - Apportation           Tloc           90%        N/A       1%          1
f - Vhi's Electric Charg  Tloc/Air       100%       N/A       1%          3
g - Arcjolt               Conj/Air       38%        1d48      0%          5
h - Lightning Bolt        Conj/Air       38%        1d56      0%          5
i - Summon Mana Viper     Hex/Summ       56%        N/A       1%          5
j - Summon Guardian Gole  Hex/Summ       56%        N/A       1%          3
k - Summon Cactus Giant   Summ           35%        N/A       1%          6
l - Manifold Assault      Tloc           45%        N/A       1%          4
m - Swiftness             Air            75%        N/A       0%          3
n - Airstrike             Air            37%        2d(6-22)  0%          4
o - Irradiate             Conj/Tmut      31%        3d22      1%          5
p - Freezing Cloud        Conj/Ice/Air   31%        6-21      1%          5

Your spell library contained the following spells:

 Spells                   Type           Power      Damage    Failure   Level
 Magic Dart               Conj           100%       1d8       0%          1
 Shock                    Conj/Air       100%       1d9       0%          1
 Summon Small Mammal      Summ           100%       N/A       0%          1
 Call Imp                 Summ           70%        N/A       0%          2
 Static Discharge         Conj/Air       100%       2-7/arc   0%          2
 Call Canine Familiar     Summ           70%        N/A       0%          3
 Summon Lightning Spire   Summ/Air       72%        N/A       0%          4
 Freeze                   Ice            100%       1d10      1%          1
 Slow                     Hex            100%       N/A       1%          1
 Sting                    Tmut/Pois      100%       1d8       1%          1
 Cigotuvi's Dreadful Rot  Necr/Pois/Air  80%        N/A       1%          2
 Ensorcelled Hibernation  Hex/Ice        60%        N/A       1%          2
 Lesser Beckoning         Tloc           90%        N/A       1%          2
 Passwall                 Tmut/Erth      23%        N/A       1%          2
 Poisonous Vapours        Pois/Air       100%       N/A       1%          2
 Confusing Touch          Hex            36%        N/A       1%          3
 Gell's Gravitas          Tloc           45%        N/A       1%          3
 Kindle Blastsparks       Fire/Tloc/Air  100%       2d18      1%          3
 Mephitic Cloud           Conj/Pois/Air  61%        N/A       1%          3
 Stone Arrow              Conj/Erth      100%       3d13      1%          3
 Teleport Other           Tloc           45%        N/A       1%          3
 Flame Wave               Conj/Fire      53%        2d13      1%          4
 Fulminant Prism          Conj/Hex       30%        3d16      1%          4
 Iskenderun's Mystic Bla  Conj/Tloc      63%        2d13      1%          4
 Sticky Flame             Conj/Fire      53%        2d7       1%          4
 Summon Ice Beast         Ice/Summ       52%        N/A       1%          4
 Monstrous Menagerie      Summ           35%        N/A       1%          7
 Orb of Destruction       Conj           38%        9d11      1%          7
 Spider Form              Tmut/Pois      28%        N/A       2%          3
 Necrotise                Necr           64%        1d7       3%          1
 Inner Flame              Hex/Fire       25%        N/A       3%          3
 Ozocubu's Armour         Ice            25%        N/A       3%          3
 Cause Fear               Hex            18%        N/A       3%          4
 Sandblast                Erth           28%        2d8       4%          1
 Ignite Poison            Fire/Tmut/Pois 23%        N/A       4%          3
 Blade Hands              Tmut           21%        N/A       4%          5
 Maxwell's Capacitive Co  Air            37%        โˆž       4%          8
 Scorch                   Fire           28%        2d6       6%          2
 Iron Shot                Conj/Erth      26%        9d6       6%          6
 Petrify                  Tmut/Erth      28%        N/A       9%          4
 Vampiric Draining        Necr           16%        2d7       10%         3
 Anguish                  Hex/Necr       13%        N/A       11%         4
 Metabolic Englaciation   Hex/Ice        15%        N/A       19%         5
 Dispersal                Tloc           22%        N/A       19%         6
 Alistair's Intoxication  Tmut/Pois      18%        N/A       24%         5
 Animate Dead             Necr           16%        N/A       32%         4
 Olgreb's Toxic Radiance  Pois           14%        N/A       38%         4
 Chain Lightning          Conj/Air       38%        3d50      45%         9
 Agony                    Necr           16%        N/A       67%         5
 Borgnjor's Vile Clutch   Necr/Erth      7%         N/A       71%         5
 Lee's Rapid Deconstruct  Erth           7%         3d6*      75%         5
 Eringya's Noxious Bog    Tmut/Pois      14%        N/A       80%         6
 Statue Form              Tmut/Erth      18%        N/A       80%         6
 Dragon Form              Tmut           21%        N/A       83%         7
 Simulacrum               Ice/Necr       10%        N/A       97%         6
 Ozocubu's Refrigeration  Ice            12%        4d10      100%        7
 Discord                  Hex            18%        N/A       100%        8
 Disjunction              Tloc           22%        N/A       100%        8
 Ignition                 Fire           7%         3d4       100%        8
 Fire Storm               Conj/Fire      26%        8d7       100%        9
 Polar Vortex             Ice            12%        N/A       100%        9
 Shatter                  Erth           7%         3d9*      100%        9


Dungeon Overview and Level Annotations

Branches:
Dungeon (15/15)            Temple (0/1) D:5            Lair (5/5) D:8
 Shoals (4/4) Lair:3       Spider (4/4) Lair:3        Slime (0/5) Lair:4
    Orc (2/2) D:10            Elf (3/3) Orc:2        Vaults (5/5) D:14
  Crypt (0/3) Vaults:3     Depths (4/4) D:15            Zot (4/5) Depths:4
Volcano (visited)          WizLab (visited)

Altars:
Ashenzari
Elyvilon
Fedhas
Kikubaaqudgha
Makhleb
Nemelex Xobeh
Sif Muna
Trog
Vehumet
Xom
Yredelemnul
Jiyva
Lugonu

Shops:
D:9 !   Orc:2 :!(:   Elf:1 [   Elf:2 *   Elf:3 [   Shoals:3 [   Vaults:1 (
Vaults:2 *   Depths:3 =?   Depths:4 *

Portals:
Hell: Depths:1 Depths:2 Depths:3 Depths:4
Abyss: Depths:3
Pandemonium: Depths:1 Depths:2 Depths:4
Ziggurat: Depths:4
Trove: Vaults:1 (show abyssal rune of Zot)

Annotations:
D:3 Robin, Sigmund
D:6 2 transporters
D:15 3 runed translucent doors, Ganul's ghost, journeyman DsGl
Elf:2 3 runed translucent doors
Vaults:1 exclusion: obsidian statue
Depths:2 2 transporters


Innate Abilities, Weirdness & Mutations

You are a lightning-filled tempest!
Your electrical attacks strike out in all directions at once.
You are incredibly evasive.
Your insubstantial body is immune to petrification, constriction, and being set on fire You are flying.
Your armour is entirely melded.
You are incapable of wielding weapons or throwing items.
((You have a beak for a mouth.))
((You have claws for feet.))
Your magical nature lets you fly swiftly and evasively.
You possess an exceptional clarity of mind.
You are frail. (-10% HP)
((Your system is resistant to poisons. (rPois)))


Message History

* * * LOW HITPOINT WARNING * * *
The purple draconian shifter mumbles some strange words.
The purple draconian shifter blinks!
The death cob misses you.
You batter the death cob!!
Lightning courses through the death cob!
You punch the death cob, but do no damage.
The death cob is almost destroyed.
The death cob hits you!
* * * LOW HITPOINT WARNING * * *
The death cob closely misses you.
You feel better. The death cob barely misses you. The death cob misses you.
The death cob hits you.
* * * LOW HITPOINT WARNING * * *
The death cob drains your vigour!
You feel yourself slow down.
You feel better. The death cob completely misses you. x2
The death cob hits you but does no damage.
The purple draconian shifter casts a spell.
The purple draconian shifter blinks!
You closely miss the death cob.
The death cob is almost destroyed.
The death cob hits you!
* * * LOW HITPOINT WARNING * * *
The death cob drains your vigour!
You feel as though you will be slow longer.
The death cob hits you.
* * * LOW HITPOINT WARNING * * *
You block the death cob's attack. The death cob misses you.
You feel better. The death cob completely misses you. x2
The death cob misses you. The death cob completely misses you.
You closely miss the death cob.
The death cob is almost destroyed.
The death cob misses you.
The death cob hits you but does no damage.
The death cob hits you!
* * * LOW HITPOINT WARNING * * *
The death cob drains your vigour!
You feel as though you will be slow longer.
You feel better. The death cob barely misses you. The death cob misses you.
The death cob hits you!!
You die...

*โˆ†,,,...#,,,,,,,,,,,,+ ####
****#...#,,,,,,,,,,,,* ...#
#...#,,,,,,,,,,,,* ...#
#...#,,,,,,,,,,,,* ...#
#...#,,,,,,,,,,,,* ...#
#########...#,,,,,,,,,,,,* ...#
#[......)...#.......,,,,,* ...#
#......[[.[.#............' ...#
#......(.v..#............#
...#####..[######z##....q.......#
...........#.)..ยง...............*
...........#...>X..............,*
..)........#.................#'**
############......q..........#.##
######'###########.......<..'...
#........# #..........#.##
#........# #......))..#,,,


You could see a purple draconian shifter and a death cob.

Vanquished Creatures
  A dread lich (Vaults:5)
  An ancient lich (Vaults:5)
  2 juggernauts (Depths:3)
  Bai Suzhen (Spider:4)
  3 Killer Klowns (Zot:1)
  Nikola (Spider:4)
  10 golden dragons
  A bone dragon (Depths:3)
  Arachne (Spider:4)
  Zenata (Vaults:1)
  2 liches
  A walking earthen tome (Depths:3)
  12 tentacled monstrosities
  4 deep elf blademasters (Elf:3)
  4 titans
  4 quicksilver dragons
  4 deep elf master archers (Elf:3)
  6 death cobs
  Frances (Shoals:1)
  2 krakens
  Polyphemus (Shoals:2)
  An ancient champion (WizLab)
  Kirke (D:13)
  Donald (Spider:3)
  6 sphinxes
  10 shadow dragons
  6 draconian monks
  4 storm dragons
  7 tengu reavers
  2 draconian knights (Zot:3)
  7 fire giants
  4 spectral caustic shrikes (WizLab)
  13 deep elf sorcerers
  Louise (Shoals:3)
  3 iron dragons (Vaults:5)
  4 emperor scorpions
  12 vault wardens
  6 ghost moths
  9 deep elf elementalists
  A draconian shifter (Zot:4)
  5 frost giants
  An orc warlord (Orc:1)
  3 draconian stormcallers
  A reaper (Depths:4)
  A draconian scorcher (Zot:1)
  11 ironbound preservers
  2 spriggan defenders
  5 green draconians
  4 draconian annihilators
  3 war gargoyles
  3 ironbound thunderhulks
  23 very ugly things
  4 black draconians
  7 stone giants
  4 deep elf demonologists
  2 vampire knights (Depths:3)
  7 deep elf annihilators (Elf:3)
  3 dire elephants (Vaults:3)
  Nessos (D:12)
  5 white draconians
  4 yellow draconians
  4 red draconians
  4 purple draconians
  2 minotaurs (Shoals:4)
  7 deep elf death magi
  8 merfolk impalers
  3 merfolk javelineers
  A crystal guardian (Vaults:4)
  10 ettins
  4 yaktaur captains
  2 eidola
  Josephine (D:15)
  8 deep elf high priests
  3 jiangshi (Depths:1)
  4 fire dragons
  6 entropy weavers
  8 great orbs of eyes
  A rakshasa (Depths:2)
  11 ice dragons
  Erolcha (D:11)
  27 vault guards
  3 spriggan air magi
  3 jorogumos
  3 catoblepae
  4 peacekeepers
  6 ironbound frosthearts
  4 ogre magi
  4 merfolk avatars
  5 hydras
  11 centaur warriors
  A merfolk aquamancer (Shoals:1)
  A radroach (Spider:1)
  12 two-headed ogres
  An alligator snapping turtle (Shoals:3)
  10 satyrs (Shoals:4)
  14 deep troll earth magi
  5 boulder beetles
  A tengu warrior (D:15)
  16 deep troll shamans
  13 death yaks
  An orc high priest (Orc:1)
  2 vampire magi
  12 dancing weapons
  3 spriggans (Depths:4)
  15 deep elf knights
  Sonja (Orc:2)
  9 skysharks
  2 sun demons (Depths:4)
  Nergalle (Orc:2)
  A soul eater (Depths:4)
  13 hell knights
  12 iron trolls
  A spectral spark wasp (WizLab)
  Lodul (D:11)
  4 flayed ghosts
  6 skeletal warriors
  10 orb spiders
  6 pharaoh ants
  A sun moth (Spider:3)
  10 sea snakes
  57 deep trolls
  An orange crystal statue (Depths:1)
  7 glowing orange brains
  A shadow demon (Depths:2)
  5 wizards
  3 orc knights
  6 necromancers
  7 phantasmal warriors
  15 ironbound convokers
  15 lindwurms
  12 deep elf archers
  8 steelbarb worms
  A steelbarb worm (shapeshifter) (Vaults:4)
  23 deep elf zephyrmancers
  20 harpies
  7 orc sorcerers
  41 ugly things
  18 wolf spiders
  A fire giant zombie (Vaults:3)
  33 deep elf pyromancers
  18 moths of wrath
  A stone giant zombie (Vaults:1)
  14 manticores
  5 fauns (Shoals:4)
  2 cyclopes (shapeshifter)
  12 cyclopes
  7 merfolk sirens
  8 elephants
  Maurice (D:13)
  7 water nymphs
  4 torpor snails
  4 black mambas
  Joseph (D:7)
  12 vault sentinels
  An orange demon (Depths:4)
  A water nymph (shapeshifter) (Vaults:5)
  An eye of devastation (shapeshifter) (Vaults:5)
  12 cane toads
  6 demonic crawlers
  A rime drake (shapeshifter) (Vaults:5)
  9 komodo dragons
  5 tengu conjurers
  3 rime drakes
  3 freezing wraiths
  A kobold demonologist (D:10)
  3 unseen horrors (D:12)
  24 yaktaurs
  2 yaktaur skeletons
  3 meliai (Spider:3)
  33 merfolk
  8 trolls
  2 polar bears
  A troll (shapeshifter) (Elf:3)
  8 wind drakes
  3 hornets (Depths:4)
  22 tarantellas
  21 slime creatures
  5 dream sheep
  31 blink frogs
  A blink frog (shapeshifter) (Elf:3)
  An air elemental (Elf:1)
  5 snapping turtles
  2 stone giant simulacra
  2 flying skulls
  An ettin skeleton (Vaults:3)
  26 culicivoras
  25 jumping spiders
  9 wraiths
  2 ynoxinuls
  10 water elementals
  3 hogs (D:13)
  2 wyverns
  2 vampires (D:11)
  2 basilisks
  46 yaks
  5 fire elementals
  A golden eye (shapeshifter) (Vaults:5)
  A human (D:14)
  A redback simulacrum (D:15)
  A steam dragon (D:8)
  50 redbacks
  5 chaos spawn
  3 vampire mosquitoes
  10 wargs
  Menkaure (D:5)
  2 acid dragons
  19 water moccasins
  6 hell hounds (Volcano)
  2 black bears
  22 orc warriors
  An ice beast (D:7)
  4 boggarts (D:14)
  A sky beast (D:7)
  18 ogres
  13 wolves
  9 centaurs
  3 phantoms
  2 kobold brigands
  A human zombie (Vaults:3)
  11 bullfrogs
  A gnoll sergeant (D:10)
  5 earth elementals
  5 wights (D:6)
  9 killer bees
  10 electric eels
  4 howler monkeys
  2 jellies
  A jelly (shapeshifter) (Vaults:5)
  15 orc priests
  6 hounds
  3 sleepcaps
  4 iguanas
  55 orc wizards
  4 gnolls (D:10)
  4 adders
  An ufetubus (D:6)
  5 worms (D:2)
  A dart slug (D:2)
  104 orcs
  11 endoplasms
  4 giant cockroaches
  11 goblins
  12 hobgoblins
  2 jackals (D:1)
  2 quokkas
  3 ball pythons
  5 bats
  5 frilled lizards
  A goblin zombie (D:4)
  A jackal zombie (D:4)
  16 kobolds
  9 rats
  A rat zombie (D:4)
  6 tentacles
1848 creatures vanquished.

Vanquished Creatures (collateral kills)
  A dread lich (Vaults:5)
  Jory (Vaults:3)
  A tentacled monstrosity (Zot:1)
  An iron dragon (Vaults:5)
  2 deep elf sorcerers (Elf:3)
  A vault warden (Vaults:5)
  A dire elephant (Vaults:3)
  2 deep elf annihilators (Elf:3)
  A vault guard (Vaults:5)
  A hydra (Lair:2)
  A dancing weapon (Elf:1)
  A deep elf zephyrmancer (Elf:1)
  A merfolk (Shoals:3)
  3 acid dragons (D:9)
18 creatures vanquished.

Vanquished Creatures (others)
  A draconian knight (Zot:1)
  A deep elf elementalist (Elf:3)
  A deep elf high priest (Elf:3)
  An ogre mage (Vaults:5)
  A deep elf knight (Elf:3)
  A wizard (Vaults:2)
  A deep elf zephyrmancer (Elf:2)
  A wind drake (Shoals:4)
  A vampire (D:14)
  A fire elemental (Elf:3)
  43 fungi
  102 plants
  2 tentacles (Shoals:3)
157 creatures vanquished.

Grand Total: 2023 creatures vanquished

Notes
Turn   | Place    | Note
-------+----------+-------------------------------------------
     0 | D:1      | Strat the Tengu Reaver began the quest for the Orb.
     0 | D:1      | Reached XP level 1. HP: 12/12 MP: 4/4
   157 | D:1      | Reached XP level 2. HP: 17/17 MP: 6/6
   160 | D:1      | Learned a level 2 spell: Momentum Strike
   588 | D:1      | Reached XP level 3. HP: 21/21 MP: 7/7
   757 | D:2      | Learned a level 3 spell: Hailstorm
  1061 | D:2      | Reached skill level 5 in Long Blades
  1254 | D:2      | Reached XP level 4. HP: 24/26 MP: 8/8
  1636 | D:2      | You fall into a shaft and drop 2 floors!
  1692 | D:4      | Noticed a phantom
  1965 | D:3      | Noticed Sigmund
  2335 | D:3      | Found a broken altar of Ashenzari.
  2350 | D:3      | Became a worshipper of Ashenzari the Shackled
  2554 | D:3      | Found an ancient bone altar of Kikubaaqudgha.
  2582 | D:3      | Found a radiant altar of Vehumet.
  2606 | D:3      | Reached skill level 1 in Ice Magic
  2606 | D:3      | Gained mutation: Your magical nature lets you fly swiftly
                  | and evasively. [Tengu growth]
  2606 | D:3      | Reached XP level 5. HP: 30/31 MP: 9/9
  2630 | D:3      | Reached skill level 1 in Translocations
  2772 | D:3      | Noticed Robin
  3245 | D:4      | Killed a phantom
  3246 | D:4      | Reached XP level 6. HP: 30/37 MP: 1/10
  3342 | D:4      | Found a burning altar of Makhleb.
  4466 | D:5      | Entered Level 5 of the Dungeon
  4491 | D:5      | Found a staircase to the Ecumenical Temple.
  4510 | D:5      | Reached XP level 7. HP: 24/41 MP: 8/11
  4623 | D:5      | Reached skill level 5 in Conjurations
  4726 | D:5      | Noticed Menkaure
  4733 | D:5      | Killed Menkaure
  4756 | D:5      | Found a blossoming altar of Fedhas.
  5117 | D:5      | Found a white marble altar of Elyvilon.
  5229 | D:5      | Identified the +4 pair of gloves "Bouvuec" {rF+ rC+ Will++
                  | Dex-4}
  5385 | D:6      | Found a transporter.
  5394 | D:6      | Reached XP level 8. HP: 48/48 MP: 11/13
  5726 | D:6      | Found a transporter.
  5831 | D:6      | Identified a scroll of acquirement
  5831 | D:6      | Acquired the ring "Gewalu Qedi" {rPois AC+4 Int+2}
  5991 | D:6      | Identified the +5 short sword of the Gloaming {speed, rPois
                  | Int+6 Dex-4}
  6287 | D:6      | Reached skill level 5 in Dodging
  6496 | D:6      | Reached skill level 10 in Long Blades
  6651 | D:6      | Reached XP level 9. HP: 44/52 MP: 14/14
  7444 | D:7      | Reached skill level 1 in Armour
  7446 | D:7      | Reached * piety under Ashenzari
  7447 | D:7      | Noticed Joseph
  7465 | D:7      | Killed Joseph
  7972 | D:8      | Reached skill level 5 in Fighting
  8158 | D:8      | Reached ** piety under Ashenzari
  8576 | D:8      | Reached XP level 10. HP: 41/63 MP: 16/16
  8843 | D:8      | Found a staircase to the Lair.
  9538 | D:9      | Found Itanuubb's Distillery.
 10018 | D:10     | Entered Level 10 of the Dungeon
 10056 | D:10     | Noticed a two-headed ogre
 10061 | D:10     | Killed a two-headed ogre
 10232 | D:10     | Reached XP level 11. HP: 72/72 MP: 17/17
 10455 | D:10     | Found a staircase to the Orcish Mines.
 10553 | D:10     | Learned a level 2 spell: Call Imp
 10555 | D:10     | Learned a level 1 spell: Apportation
 10649 | D:10     | Found a sparkling altar of Nemelex Xobeh.
 10784 | D:10     | Reached skill level 1 in Summonings
 10940 | D:10     | Noticed a two-headed ogre
 10954 | D:10     | Killed a two-headed ogre
 11304 | D:11     | Reached skill level 5 in Armour
 11317 | D:11     | Reached *** piety under Ashenzari
 11546 | D:11     | Noticed Erolcha
 11581 | D:11     | Killed Erolcha
 11638 | D:11     | Noticed a skeletal warrior
 11756 | D:11     | Noticed Lodul
 11789 | D:11     | Killed Lodul
 12560 | D:12     | Noticed a manticore
 12763 | Lair:1   | Entered Level 1 of the Lair of Beasts
 12821 | Lair:1   | Reached XP level 12. HP: 70/81 MP: 22/22
 12883 | Lair:1   | Reached skill level 10 in Fighting
 14224 | Lair:2   | Noticed a six-headed hydra
 14238 | Lair:2   | Identified the +8 trident "Gifuoxid" {drain, Fly rElec
                  | Dex+2}
 14248 | Lair:2   | Killed a six-headed hydra
 14320 | Lair:2   | Learned a level 3 spell: Vhi's Electric Charge
 14326 | Lair:2   | Learned a level 5 spell: Arcjolt
 14380 | Lair:2   | Reached skill level 1 in Air Magic
 14766 | Lair:2   | Reached XP level 13. HP: 92/92 MP: 23/23
 15510 | Lair:3   | Reached skill level 5 in Air Magic
 15893 | Lair:3   | Found a dark tunnel.
 15914 | Volcano  | Entered a volcano
 16940 | Lair:3   | Reached skill level 10 in Conjurations
 17449 | Lair:3   | Found a hole to the Spider Nest.
 17689 | Lair:4   | Found a basalt altar of Yredelemnul.
 17741 | Lair:4   | Learned a level 5 spell: Lightning Bolt
 18276 | Lair:4   | Found a staircase to the Slime Pits.
 18277 | Lair:4   | Found a viscous altar of Jiyva.
 18789 | Lair:5   | Entered Level 5 of the Lair of Beasts
 18819 | Lair:5   | Reached XP level 14. HP: 63/100 MP: 5/24
 18842 | Lair:4   | Reached skill level 10 in Air Magic
 19046 | Lair:5   | Reached skill level 15 in Fighting
 19803 | Lair:5   | HP: 5/103 [skyshark (7)]
 21557 | Lair:5   | Found the +9 scales of the Dragon King {rPois rF+ rC+
                  | Will+}
 22071 | Orc:1    | Entered Level 1 of the Orcish Mines
 22281 | Orc:2    | Entered Level 2 of the Orcish Mines
 22320 | Orc:2    | Noticed an orc warlord
 22442 | Orc:1    | Noticed Sonja
 22442 | Orc:1    | Noticed Nergalle
 22451 | Orc:2    | Found a staircase to the Elven Halls.
 23286 | Orc:2    | Found Fyat's Antique Weapon Shoppe.
 23286 | Orc:2    | Found Isofyrro's Book Boutique.
 23444 | Orc:2    | Reached XP level 15. HP: 67/112 MP: 26/26
 23468 | Orc:2    | Found Luzaji's Book Shoppe.
 23468 | Orc:2    | Found Fuases's Distillery.
 23474 | Orc:2    | Reached skill level 5 in Spellcasting
 23572 | Orc:2    | Bought a potion of heal wounds for 70 gold pieces
 24016 | Orc:2    | Killed Nergalle
 24093 | Orc:2    | Killed Sonja
 24486 | Orc:1    | Killed an orc warlord
 25313 | D:12     | Identified the +0 war axe "Byonwy" {flame, rC++ Str+9 Int-2
                  | Stlth+}
 25348 | D:12     | Learned a level 5 spell: Summon Mana Viper
 25591 | D:12     | Noticed Nessos
 25602 | D:12     | Killed Nessos
 25792 | D:13     | Acquired 602 gold pieces
 25831 | D:13     | Reached skill level 5 in Summonings
 26255 | D:13     | Noticed Maurice
 26260 | D:13     | Noticed Kirke
 26263 | D:13     | Killed Maurice
 26283 | D:13     | Killed Kirke
 26804 | D:13     | Reached skill level 1 in Shields
 27021 | D:13     | Reached skill level 1 in Hexes
 28659 | D:14     | Found a gate to the Vaults.
 28768 | D:15     | Entered Level 15 of the Dungeon
 28973 | D:15     | Reached XP level 16. HP: 97/118 MP: 31/31
 29079 | D:15     | Reached skill level 5 in Shields
 29348 | D:15     | Noticed Josephine
 29572 | D:15     | Killed Josephine
 30067 | D:15     | Found a bloodstained altar of Trog.
 30188 | D:15     | Found a runed translucent gate.
 30189 | D:15     | Found a runed translucent gate.
 30189 | D:15     | Found a runed translucent gate.
 30190 | D:15     | Noticed an azure jelly
 30191 | D:15     | Noticed Ganul's ghost (journeyman DsGl)
 30191 | D:15     | Identified the +8 battleaxe of Othups {heavy, *Corrode
                  | Fragile rPois Int+4 SInv}
 30568 | D:15     | Found a staircase to the Depths.
 30674 | D:15     | Found a viscous altar of Jiyva.
 30881 | Spider:1 | Entered Level 1 of the Spider Nest
 32717 | Spider:2 | Reached skill level 10 in Shields
 33880 | Spider:2 | Acquired a +3 vampiric demon blade
 33912 | Spider:2 | Reached skill level 10 in Summonings
 34604 | Spider:3 | Reached XP level 17. HP: 114/124 MP: 32/32
 34673 | Spider:3 | Reached skill level 5 in Hexes
 35141 | Spider:3 | Noticed Donald
 35495 | Spider:3 | Killed Donald
 36364 | Spider:4 | Entered Level 4 of the Spider Nest
 36364 | Spider:4 | Noticed Arachne
 36392 | Spider:4 | Noticed Bai Suzhen
 36405 | Spider:4 | Identified the +2 leather armour of Doty {Dex+3}
 36455 | Spider:4 | Reached skill level 10 in Dodging
 36617 | Spider:4 | Killed Arachne
 37639 | Spider:4 | Got a gossamer rune of Zot
 37987 | Spider:4 | Noticed Nikola
 38029 | Spider:4 | Killed Nikola
 38659 | Spider:4 | Killed Bai Suzhen
 39026 | Shoals:1 | Entered Level 1 of the Shoals
 39301 | Shoals:1 | Reached XP level 18. HP: 90/129 MP: 2/33
 40396 | Shoals:2 | Identified the +11 short sword of Rotten Gallantry {heavy,
                  | rElec rF+ Dex+2 SInv}
 40469 | Shoals:2 | Noticed Frances
 40746 | Shoals:1 | Killed Frances
 41440 | Shoals:2 | Reached **** piety under Ashenzari
 41637 | Shoals:2 | Noticed Polyphemus
 41677 | Shoals:2 | Killed Polyphemus
 42089 | Shoals:2 | Found a bloodstained altar of Trog.
 42550 | Shoals:3 | Found Qionuhum's Antique Armour Boutique.
 43404 | Shoals:3 | Noticed Louise
 43415 | Shoals:3 | Killed Louise
 43632 | Shoals:4 | Entered Level 4 of the Shoals
 44050 | Shoals:4 | Found the ring of the Octopus King {rF+ HP+2 AC+2 EV+2
                  | SH+2}
 44450 | Shoals:4 | Got a barnacled rune of Zot
 44490 | Shoals:4 | Reached XP level 19. HP: 140/140 MP: 24/36
 44710 | Shoals:4 | Identified the Directory of Excruciating Movement
 45761 | Vaults:1 | Entered Level 1 of the Vaults
 46041 | Vaults:1 | Noticed Zenata
 46255 | Vaults:1 | Reached skill level 15 in Conjurations
 46262 | Vaults:1 | Reached skill level 15 in Air Magic
 47256 | Vaults:1 | Found Beomoyp's Antique Weapon Shop.
 47272 | Vaults:1 | Found a portal to a secret trove of treasure.
 47516 | Vaults:1 | Killed Zenata
 47782 | Vaults:1 | Learned a level 3 spell: Summon Guardian Golem
 47789 | Vaults:1 | Learned a level 6 spell: Summon Cactus Giant
 48359 | Vaults:2 | Found Ohitisu's General Store.
 48387 | Vaults:2 | Found a magical portal.
 48394 | WizLab   | Entered Borgnjor's Mausoleum
 49182 | Vaults:2 | Reached ***** piety under Ashenzari
 49795 | Vaults:2 | Reached XP level 20. HP: 147/147 MP: 37/37
 50992 | Vaults:3 | Noticed Jory
 51524 | Vaults:3 | Found a staircase to the Crypt.
 52966 | Vaults:3 | Killed Jory
 53525 | Vaults:4 | Reached skill level 1 in Evocations
 54083 | Vaults:4 | Found a crumbling gateway.
 54677 | Vaults:4 | Upgraded the game from 0.30-a0-845-g7c6808c8ce to
                  | 0.30-a0-847-g17996783a1
 54684 | Vaults:5 | Entered Level 5 of the Vaults
 54693 | Vaults:4 | Reached XP level 21. HP: 100/156 MP: 18/38
 55265 | Vaults:4 | Reached skill level 5 in Evocations
 55668 | Vaults:5 | Noticed a golden dragon
 55677 | Vaults:5 | Identified the ring "Kedul" {rElec rC- rN+ rCorr SInv}
 55678 | Vaults:5 | Identified the ring "Jaucs" {Ice Int+3}
 55706 | Vaults:5 | Killed a golden dragon
 55823 | Vaults:5 | Noticed an ancient lich
 55935 | Vaults:5 | Killed an ancient lich
 56388 | Vaults:5 | Noticed a dread lich
 56462 | Vaults:5 | Killed a dread lich
 56501 | Vaults:5 | Identified the +3 quarterstaff of the Eternal Warrior
                  | {venom, Fly rF+ Int+3}
 56604 | Vaults:5 | Identified the +4 sling of Blood {drain, rN+ rCorr Str-2
                  | Int+4}
 56811 | Vaults:5 | Noticed a dread lich
 56820 | Vaults:5 | Killed a dread lich
 57092 | Vaults:5 | Noticed a dread lich
 57119 | Vaults:5 | Identified the +5 mace "Evuxt" {freeze, +Blink Fly rC++}
 57119 | Vaults:5 | Identified the +7 plate armour "Xeef" {Fly rCorr}
 57119 | Vaults:5 | Identified the +0 pair of gloves "Qiyper" {rC+ Int+7
                  | Stlth+}
 57180 | Vaults:5 | Got a silver rune of Zot
 57610 | Vaults:5 | Paralysed by a dread lich for 3 turns
 57739 | Vaults:5 | Reached XP level 22. HP: 149/167 MP: 39/39
 58228 | Vaults:5 | Identified the +2 helmet of the Cricket {+Blink rN+ Will+}
 58308 | Vaults:5 | Identified the +1 leather armour of Disguise {+Inv rF-
                  | Regen+ rCorr}
 58309 | Vaults:5 | Identified Udexom's Omnibus of Cadavers and Ice
 58347 | Vaults:4 | Learned a level 4 spell: Manifold Assault
 58562 | Depths:1 | Entered Level 1 of the Depths
 58842 | Depths:1 | Reached skill level 5 in Translocations
 59020 | Depths:1 | Upgraded the game from 0.30-a0-847-g17996783a1 to
                  | 0.30-a0-859-gf88a04b62d
 59577 | Depths:1 | Found a one-way gate leading to the halls of Pandemonium.
 60044 | Depths:1 | Found a gateway to Hell.
 60146 | Depths:1 | Found a shimmering blue altar of Sif Muna.
 60146 | Depths:1 | Identified Sif Muna's Cyclopedia of the Queen Bee
 60147 | Depths:1 | Identified Sif Muna's Lectures on Malediction
 60148 | Depths:1 | Identified Sif Muna's Codex of Quicksand
 60328 | Depths:2 | Found a shimmering altar of Xom.
 60917 | Depths:2 | Found a transporter.
 60919 | Depths:2 | Identified the +4 trident "Itimunk" {pain, rPois rF- Str+2
                  | Int+3}
 60919 | Depths:2 | Identified the ring of Baovot {rN+ MP+9}
 60920 | Depths:2 | Identified the ring "Zeff" {rPois SInv}
 60920 | Depths:2 | Identified the +14 chain mail of Repulsion {rC+ Dex+4}
 61406 | Depths:2 | Found a transporter.
 62194 | Depths:3 | Noticed a juggernaut
 62198 | Depths:3 | Noticed a juggernaut
 62218 | Depths:3 | Killed a juggernaut
 62218 | Depths:3 | Killed a juggernaut
 62235 | Depths:3 | Noticed a golden dragon
 62237 | Depths:3 | Noticed a golden dragon
 62269 | Depths:3 | Killed a golden dragon
 62279 | Depths:3 | Identified the +2 leather armour of Mutualism {Rampage
                  | rCorr MP-9 Dex+3}
 62282 | Depths:3 | Killed a golden dragon
 62491 | Depths:3 | Identified the +2 leather armour "Wyilan" {Regen+}
 62492 | Depths:3 | Identified the +7 rapier "Rocuj" {heavy, Stlth+}
 62552 | Depths:3 | Reached XP level 23. HP: 113/164 MP: 18/42
 62693 | Depths:3 | Found a corrupted altar of Lugonu.
 62694 | Depths:3 | Found a one-way gate to the infinite horrors of the Abyss.
 62990 | Depths:3 | Learned a level 3 spell: Swiftness
 62995 | Depths:3 | Learned a level 4 spell: Airstrike
 63011 | Depths:3 | Found Waschusas's Magic Scroll Shoppe.
 63011 | Depths:3 | Found Tentoij's Jewellery Emporium.
 63187 | Depths:3 | Bought a scroll of teleportation for 30 gold pieces
 63239 | Depths:3 | Reached skill level 10 in Spellcasting
 63567 | Depths:4 | Entered Level 4 of the Depths
 64814 | Depths:4 | Noticed a golden dragon
 64910 | Depths:4 | Killed a golden dragon
 64974 | Depths:4 | Found Nustaafy's Gadget Gallery.
 65021 | Depths:4 | Found a one-way gateway to a ziggurat.
 65280 | Depths:4 | Noticed a golden dragon
 65305 | Depths:4 | Killed a golden dragon
 65588 | Depths:4 | Found a gate to the Realm of Zot.
 65959 | Elf:1    | Entered Level 1 of the Elven Halls
 65995 | Elf:1    | Found an ancient bone altar of Kikubaaqudgha.
 66143 | Elf:1    | Found Luos's Armour Shop.
 66444 | Elf:1    | Paralysed by an air elemental for 1 turns
 67579 | Elf:2    | Found a runed translucent gate.
 67580 | Elf:2    | Found a runed translucent gate.
 67580 | Elf:2    | Found a runed translucent gate.
 67641 | Elf:2    | Reached XP level 24. HP: 159/180 MP: 35/44
 68089 | Elf:2    | Found Tusacvu's Assorted Antiques.
 68153 | Elf:2    | Bought a scroll of teleportation for 84 gold pieces
 68355 | Elf:3    | Entered Level 3 of the Elven Halls
 68383 | Elf:3    | Found Atedgh's Armour Boutique.
 69242 | Elf:3    | Identified the +1 eveningstar of Nittuokk {venom, rC+ Str+6
                  | Int+2}
 69261 | Elf:3    | Identified the +4 trident of Fasho {freeze, rF+ Str+4}
 70253 | Elf:3    | Identified the Handbook of Harmful Cryomancy
 70882 | Elf:3    | Identified the +0 long sword "Nuxuzi Qaed" {freeze, rElec
                  | rPois Int+3}
 70883 | Elf:3    | Identified the Spellbook of Baneful Beguiling
 71266 | Zot:1    | Entered Level 1 of the Realm of Zot
 71681 | Zot:1    | Noticed a dread lich
 71707 | Zot:1    | Noticed a Killer Klown
 71723 | Zot:1    | Noticed a Killer Klown
 71736 | Zot:1    | Killed a Killer Klown
 71752 | Zot:1    | Killed a Killer Klown
 71915 | Zot:1    | Noticed a Killer Klown
 72245 | Zot:1    | Killed a Killer Klown
 72436 | Zot:1    | Learned a level 5 spell: Irradiate
 72442 | Zot:1    | Learned a level 5 spell: Freezing Cloud
 72796 | Zot:2    | Reached ****** piety under Ashenzari
 73233 | Zot:2    | Identified the +13 chain mail of the Crypt {Will+ Str+2}
 73392 | Zot:2    | Learned a level 7 spell: Storm Form
 73414 | Zot:2    | Reached skill level 1 in Transmutations
 73416 | Zot:2    | Reached XP level 25. HP: 150/169 MP: 24/47
 73526 | Zot:2    | Noticed an orb of fire
 73543 | Zot:2    | Gained mutation: You are dopey. (Int -2) [an orb of fire]
 73556 | Zot:2    | Gained mutation: You are vulnerable to heat. (rF-) [an orb
                  | of fire]
 73567 | Zot:2    | Gained mutation: You are frail. (-10% HP) [an orb of fire]
 73614 | Zot:2    | Lost mutation: You are dopey. (Int -2) [potion of mutation]
 73614 | Zot:2    | Lost mutation: You are frail. (-10% HP) [potion of
                  | mutation]
 73614 | Zot:2    | Lost mutation: You are vulnerable to heat. (rF-) [potion of
                  | mutation]
 73614 | Zot:2    | Gained mutation: Your spells are a little harder to cast,
                  | but a little more powerful. [potion of mutation]
 73614 | Zot:2    | Gained mutation: You are strong-willed. (Will+) [potion of
                  | mutation]
 73614 | Zot:2    | Gained mutation: You are agile. (Dex +4, Str/Int -1)
                  | [potion of mutation]
 73830 | Zot:3    | Noticed a Killer Klown
 73857 | Zot:3    | Noticed an orb of fire
 73858 | Zot:3    | Noticed an orb of fire
 73859 | Zot:3    | Gained mutation: You are frail. (-10% HP) [an orb of fire]
 73863 | Zot:3    | Gained mutation: Your body sometimes deteriorates upon
                  | taking damage. [an orb of fire]
 73864 | Zot:3    | Gained mutation: You have hidden genetic defects. [an orb
                  | of fire]
 73893 | Zot:2    | Lost mutation: You are agile. (Dex +4, Str/Int -1) [potion
                  | of mutation]
 73893 | Zot:2    | Lost mutation: Your body sometimes deteriorates upon taking
                  | damage. [potion of mutation]
 73893 | Zot:2    | Lost mutation: Your spells are a little harder to cast, but
                  | a little more powerful. [potion of mutation]
 73893 | Zot:2    | Gained mutation: A frigid envelope surrounds you and
                  | freezes all who hurt you. [potion of mutation]
 73893 | Zot:2    | Gained mutation: You expend magic power (3 MP) to
                  | strengthen your wands. [potion of mutation]
 73893 | Zot:2    | Gained mutation: Your system is resistant to poisons.
                  | (rPois) [potion of mutation]
 73894 | Zot:2    | Lost mutation: A frigid envelope surrounds you and freezes
                  | all who hurt you. [potion of mutation]
 73894 | Zot:2    | Lost mutation: You are strong-willed. (Will+) [potion of
                  | mutation]
 73894 | Zot:2    | Gained mutation: You are strong-willed. (Will+) [potion of
                  | mutation]
 73894 | Zot:2    | Gained mutation: Your magical capacity is low. (-10% MP)
                  | [potion of mutation]
 73895 | Zot:2    | Lost mutation: You expend magic power (3 MP) to strengthen
                  | your wands. [potion of mutation]
 73895 | Zot:2    | Lost mutation: You are strong-willed. (Will+) [potion of
                  | mutation]
 73895 | Zot:2    | Lost mutation: Your magical capacity is low. (-10% MP)
                  | [potion of mutation]
 73895 | Zot:2    | Gained mutation: You possess an exceptional clarity of
                  | mind. [potion of mutation]
 73895 | Zot:2    | Lost mutation: You have hidden genetic defects. [potion of
                  | mutation]
 74388 | Zot:3    | a Killer Klown changed into a titan
 74785 | Zot:3    | Reached skill level 5 in Transmutations
 75501 | Zot:4    | Identified the +10 great mace of Evil {flame, Drain rN+
                  | rCorr Stlth+}
 75947 | Zot:3    | Slain by a death cob

Illustrated notes

Levels and vault maps discovered:
D:1:      dpeg_arrival_houses_and_road, layout_basic,
          kennysheep_decorative_pillar, chequers_serial_rivers_small_b,
          serial_bayou_pond_a
D:2:      layout_loops_corners, nicolae_concentric_dashed_squares_mild,
          minmay_fountain_box
D:3:      layout_basic, old_standard_altar, vehumet_altar_wand_db,
          nicolae_kikubaaqudgha_miasma_corner, minmay_increasing_density,
          uniq_sigmund, uniq_robin
D:4:      layout_layer_cave, mainiacjoe_overflow_six_doors_small,
          enter_ossuary_3
D:5:      layout_loops_ring, nicolae_elyvilon_temple_path,
          nicolae_overflow_crystal_walls, minmay_temple_entry_crystal_x,
          uniq_menkaure
D:6:      gammafunk_steamed_eel, layout_layer_cave,
          hangedman_abyss_or_decor_stabs, nicolae_hexahallways,
          chequers_big_river
D:7:      layout_loops_ring, dk_noncrumbling_2, uniq_joseph
D:8:      wander_river, layout_loops_corners, erik_lair_island, minivault_5,
          kennysheep_pointless_box
D:9:      layout_rooms, serial_shops, shop_fountains, abandoned_shop,
          dreamdust_wishing_well
D:10:     layout_small_grid, mainiacjoe_overflow_24_doors, hiddenorc2_lemuel,
          minmay_statues_item, kennysheep_potato
D:11:     layout_roguey, grunt_ministairs_11, uniq_lodul, uniq_erolcha
D:12:     layout_basic, portal_ice_cave_rime, uniq_nessos
D:13:     layout_basic, uniq_maurice, uniq_kirke
D:14:     layout_irregular_city, grunt_vaults_entry_fortified, minivault_25
D:15:     grunt_enter_depths_hoard, layout_rooms, bloody_trog,
          gammafunk_ghost_ooze, uniq_josephine
Lair:1:   layout_loops_ring, grunt_forest_stairs_basic, beast_lair_carwin_10
Lair:2:   layout_long_grid
Lair:3:   layout_cave_pods, nicolae_shoals_entry_flooding,
          nicolae_spider_entry_orb_guardian, serial_rivers,
          chequers_serial_rivers_micro_e, chequers_serial_rivers_room_a,
          chequers_serial_rivers_small_b, chequers_serial_rivers_small_3,
          nicolae_volcano_entry_vermiform, chequers_serial_rivers_room_a
Lair:4:   layout_misc_corridors, slime_entry_1, basic_altar
Lair:5:   grunt_lair_end_beastmaster, layout_regular_city, hibernation_bobbens
Shoals:1: layout_shoals, st_cyclops
Shoals:2: layout_shoals, lemuel_centaur_altar, uniq_polyphemus, uniq_frances
Shoals:3: layout_shoals, serial_shops, nicolae_take_the_stairs, uniq_louise
Shoals:4: shoals_end_hellmonk_lost_city, serial_shops
Spider:1: layout_spider_delve
Spider:2: layout_cave_pods
Spider:3: layout_spider_delve, uniq_donald
Spider:4: grunt_spider_rune_parallel, uniq_bai_suzhen, uniq_arachne, uniq_nikola
Orc:1:    layout_caves, uniq_nergalle, uniq_sonja
Orc:2:    st_orc_town, layout_diamond_mine
Elf:1:    layout_gridlike, basic_altar, serial_shops, shop, evilmike_minifort,
          roderic_lattice_octagonal_star
Elf:2:    nicolae_elf_blades_crystal_corner, layout_loops_corners, serial_shops,
          shop
Elf:3:    nooodl_elf_gasket, layout_geoelf_octagon, serial_shops, shop
Vaults:1: nicolae_vaults_network_quinsquares
          [nicolae_vaults_network_quincunx_subvault,
          nicolae_vaults_network_quincunx_subvault,
          nicolae_vaults_network_quincunx_subvault,
          nicolae_vaults_network_quincunx_subvault], dpeg_vaults_monster_box,
          vaults_mumra_lcd, nicolae_vaults_statue_guard,
          ontoclasm_vaults_claustrophobia, nicolae_vaults_angled_halls,
          v_rooms_3, ontoclasm_vaults_fault, ontoclasm_vaults_hangar, v_misc_33,
          vaults_room_fours, v_rooms_6, ontoclasm_vaults_decontamination,
          hangedman_vaults_impose, nicolae_vaults_rhombus_5,
          vaults_dpeg_encased_lava, vaults_room_stairs_pillars,
          layout_vaults_ring, serial_shops, nicolae_diamond_shop,
          nicolae_trove_entry_crystal, uniq_zenata
Vaults:2: infiniplex_enter_wizlab_glasses, vaults_dpeg_emergency_exit,
          vaults_room_grid, v_rooms_4, vaults_room_large_hall,
          vaults_mumra_minichess, v_misc_22, layout_vaults_chaotic_city,
          serial_shops, nicolae_diamond_shop
Vaults:3: v_misc_22, v_misc_17, grunt_vaults_swirl, v_alt_pattern_2,
          minmay_crypt_entry_simple_walls, hangedman_vaults_pinch,
          vaults_standard_mumra_x, vaults_room_octagon, vaults_mumra_chevron,
          hangedman_vaults_unwind, nicolae_vaults_network_barrier, v_misc_16,
          ontoclasm_vaults_ring_square, layout_vaults_maze, uniq_jory
Vaults:4: portal_desolation_entry_twin_temple, v_rooms_6, vaults_room_pools,
          nicolae_vaults_big_angled_halls, v_misc_25, nicolae_vaults_alarming,
          layout_vaults_quadrants
Vaults:5: serial_shops
Depths:1: layout_cave_pools, minmay_curled_crystal, pan_entry, pf_coc_iceberg,
          hangedman_decor_diamond_cutter, minivault_15,
          nicolae_sif_muna_little_library
Depths:2: gammafunk_its_a_trap, layout_honeycomb, hell_entry,
          rand_demon_pan_entry_8, xom_teletrap_fun, nicolae_wwwww,
          nicolae_figureground_pulse, infiniplex_staircase_pillars_1
Depths:3: minmay_strange_plus, layout_cross, hell_entry,
          abyss_entry_flame_altar, minmay_shoptagon
Depths:4: grunt_twist_and_shout, layout_gridville, enter_ziggurat_b,
          grunt_metal_band, grunt_pan_entry_spiral, nicolae_shop_gadgets
Zot:1:    ebering_klown_carousel, layout_basic
Zot:2:    kennysheep_spiral_hall, layout_concentric_octagons
Zot:3:    kennysheep_blocky_hall, layout_gridlike, lemuel_lake_of_fire
Zot:4:    layout_basic

Skill      XL: |  1  2  3  4  5  6  7  8  9 10 11 12 13 14 15 16 17 18 19 20 21 22 23 24 25 |
---------------+----------------------------------------------------------------------------+-----
Long Blades    | 4 5 6 7 8 10 11 12 | 12.8
Ice Magic      | 1 3 |  3.0
Translocations | 1 8 |  8.6
Fighting       | 3 5 8 9 13 14 17 18 20 22 | 22.6
Conjurations   | 5 6 8 10 11 14 16 17 19 21 22 | 22.6
Dodging        | 5 6 8 12 | 12.0
Armour         | 4 8 |  8.3
Spellcasting   | 4 7 9 11 13 | 13.6
Summonings     | 1 8 10 13 14 | 14.8
Air Magic      | 3 9 10 11 14 16 17 19 21 | 21.3
Shields        | 4 10 11 12 | 12.1
Hexes          | 3 4 6 |  6.0
Evocations     | 3 5 |  5.7
Transmutations | 1 7 |  7.7

Action                     |  1- 3 |  4- 6 |  7- 9 | 10-12 | 13-15 | 16-18 | 19-21 | 22-24 | 25-27 || total
---------------------------+-------+-------+-------+-------+-------+-------+-------+-------+-------++-------
  Melee: Falchion          |    77 |   166 |   251 |   769 |   180 |       |       |       |       ||  1443
         Kick              |    17 |    43 |    63 |   268 |   461 |   803 |   941 |  1113 |   231 ||  3940
         Peck              |    10 |    25 |    46 |   172 |   279 |   562 |   610 |   704 |   137 ||  2545
         Punch             |     1 |       |     7 |     7 |    12 |     3 |       |       |     1 ||    31
         Triple sword      |       |       |       |       |   744 |       |       |       |       ||   744
         Scimitar          |       |       |       |       |   268 |   464 |       |       |       ||   732
         Demon blade       |       |       |       |       |       |  1368 |  1504 |  1669 |   390 ||  4931
         Double sword      |       |       |       |       |       |       |   203 |   315 |       ||   518
         Unarmed           |       |       |       |       |       |       |       |       |    26 ||    26
   Cast: Momentum Strike   |     1 |    11 |     8 |    14 |     1 |       |       |       |       ||    35
         Kiss of Death     |       |     1 |     1 |     1 |       |       |       |       |       ||     3
         Hailstorm         |       |       |       |    14 |       |       |       |       |       ||    14
         Call Imp          |       |       |       |     4 |       |       |       |       |       ||     4
         Lightning Bolt    |       |       |       |       |    31 |    17 |       |       |       ||    48
         Arcjolt           |       |       |       |       |    78 |   129 |   163 |   228 |    30 ||   628
         Vhi's Electric Ch |       |       |       |       |     7 |     1 |       |       |       ||     8
         Summon Mana Viper |       |       |       |       |       |     1 |    10 |    22 |     2 ||    35
         Summon Cactus Gia |       |       |       |       |       |       |    12 |    15 |     1 ||    28
         Apportation       |       |       |       |       |       |       |     1 |     1 |       ||     2
         Summon Guardian G |       |       |       |       |       |       |     1 |     1 |       ||     2
         Manifold Assault  |       |       |       |       |       |       |       |    15 |       ||    15
         Airstrike         |       |       |       |       |       |       |       |     1 |       ||     1
         Swiftness         |       |       |       |       |       |       |       |       |     3 ||     3
         Storm Form        |       |       |       |       |       |       |       |       |     1 ||     1
 Invoke: Curse Item        |       |       |     3 |     1 |       |     2 |     2 |     2 |       ||    10
         Shatter the Chain |       |       |       |       |       |       |     1 |       |       ||     1
  Evoke: Wand              |       |     1 |     4 |    16 |    10 |    11 |     2 |     8 |       ||    52
         Condenser vane    |       |       |       |       |     3 |     4 |     4 |     4 |       ||    15
         Phantom mirror    |       |       |       |       |       |       |     1 |       |       ||     1
         Box of beasts     |       |       |       |       |       |       |       |     1 |       ||     1
    Use: Scroll            |       |    17 |     3 |     8 |    17 |    19 |    13 |    13 |     5 ||    95
         Potion            |       |     3 |     2 |     1 |     6 |    14 |    13 |    10 |    10 ||    59
   Stab: Distracted        |       |       |       |     2 |     3 |     1 |     2 |     6 |       ||    14
         Paralysed         |       |       |       |       |     3 |       |       |       |       ||     3
         Confused          |       |       |       |       |     2 |       |       |       |       ||     2
         Sleeping          |       |       |       |       |       |     6 |     3 |     3 |       ||    12
         Invisible         |       |       |       |       |       |     2 |       |     1 |    10 ||    13
 Armour: Leather armour    |    21 |    24 |    65 |    22 |       |       |       |       |       ||   132
         Acid dragon scale |       |       |       |   142 |   558 |   674 |   360 |   518 |   126 ||  2378
         Skin              |       |       |       |       |       |       |       |       |    31 ||    31
  Dodge: Dodged            |    33 |    97 |   190 |   457 |  1135 |  1188 |   886 |  1352 |   343 ||  5681
  Block: Kite shield       |       |       |       |       |       |  1461 |  1256 |  1257 |   233 ||  4207
         Reflection        |       |       |       |       |       |    41 |    56 |    40 |     2 ||   139
         Other             |       |       |       |       |       |       |       |       |     7 ||     7

Table legend: (Time is in decaauts)
 A = Elapsed time spent in this place.
 B = Non-inter-level travel time spent in this place.
 C = Inter-level travel time spent in this place.
 D = Time resting spent in this place.
 E = Time spent auto-exploring this place.
 F = Levels seen in this place.
 G = Mean time per level.
                   A        B        C        D        E       F      G
               +--------+--------+--------+--------+--------+-----+--------+
         Total |  70197 |  67334 |   2863 |  18525 |  29475 |  48 | 1462.4 |
       Dungeon |  18538 |  17306 |   1232 |   3250 |  10531 |  15 | 1235.9 |
          Lair |   8943 |   8432 |    511 |   2343 |   4191 |   5 | 1788.6 |
        Shoals |   5971 |   5858 |    113 |   1922 |   2328 |   4 | 1492.8 |
   Spider Nest |   6904 |   6769 |    135 |   2468 |   2538 |   4 | 1726.0 |
  Orcish Mines |   2563 |   2344 |    219 |    836 |    693 |   2 | 1281.5 |
   Elven Halls |   4674 |   4533 |    141 |   1057 |   2065 |   3 | 1558.0 |
        Vaults |  11205 |  10972 |    233 |   2975 |   4469 |   5 | 2241.0 |
        Depths |   6284 |   6073 |    211 |   1946 |   2257 |   4 | 1571.0 |
           Zot |   4249 |   4184 |     65 |   1308 |    338 |   4 | 1062.2 |
       Volcano |    407 |    407 |      0 |    213 |     44 |   1 |  407.0 |
        Wizlab |    455 |    455 |      0 |    203 |     16 |   1 |  455.0 |
               +--------+--------+--------+--------+--------+-----+--------+

Top non-repeatable levels by time:
Vaults:5: 2601 daAuts
  Lair:5: 2554 daAuts
Vaults:3: 2545 daAuts
  Lair:3: 2354 daAuts
   Elf:3: 2323 daAuts
    D:15: 2256 daAuts
Spider:2: 2221 daAuts
Spider:4: 2205 daAuts
Vaults:1: 2133 daAuts
Depths:3: 2000 daAuts
Vaults:2: 1989 daAuts
Vaults:4: 1935 daAuts
    D:11: 1813 daAuts
   Orc:2: 1776 daAuts
Shoals:4: 1716 daAuts
